 Dungeon Crawl Stone Soup version 0.31-a0-963-ga325b2283a (webtiles) character file.

Game seed: 1481381135085851308

65 Zonian the Vexing (level 3, -3/20 HPs)
             Began as a Deep Elf Hexslinger on Oct 24, 2023.
             Slain by an orc
             ... wielding a +0 morningstar
              (9 damage)
             ... on level 2 of the Dungeon.
             The game lasted 00:04:11 (3225 turns).

Zonian the Vexing (Deep Elf Hexslinger)             Turns: 3225, Time: 00:04:11

Health: -3/20      AC:  3    Str:  3 (5)  XL:     3   Next: 92%
Magic:  6/8        EV: 13    Int: 18 (19) God:
Gold:   182        SH:  0    Dex: 15 (17) Spells: 5/7 levels left

rFire   . . .        a - +1 sling
rCold   . . .        (no shield)
rNeg    . . .        c - +0 robe
rPois   .            (no helmet)
rElec   .            (no cloak)
rCorr   .            g - +0 pair of gloves
SInv    .            (no boots)
Will    .....        (no amulet)
Stlth   +            (no ring)
HPRegen 0.23/turn    (no ring)
MPRegen 0.11/turn

%: no passive effects
@: weak-willed, jinxed
A: no striking features
a: no special abilities


You were on level 2 of the Dungeon.
You visited 1 branch of the dungeon, and saw 3 of its levels.

You collected 182 gold pieces.

Inventory:

Hand Weapons
 a - a +1 sling (weapon)
Armour
 c - a +0 robe (worn)
 g - a +0 pair of gloves (worn)
Scrolls
 b - a scroll of poison
 d - a scroll of vulnerability {unknown}
 e - 2 scrolls of fog
 h - a scroll of butterflies {unknown}
 i - a scroll of enchant armour {unknown}
 j - a scroll of teleportation {unknown}


   Skills:
 + Level 1.3 Fighting
 + Level 3.4 Ranged Weapons
 + Level 3.0 Dodging
 + Level 2.5 Spellcasting
 + Level 4.4 Hexes
 + Level 1.9 Fire Magic


You had 5 spell levels left.
You knew the following spells:

 Your Spells              Type           Power      Damage    Failure   Level
a - Jinxbite              Hex            36%        N/A       4%          2

Your spell library contained the following spells:

 Spells                   Type           Power      Damage    Failure   Level
 Sigil of Binding         Hex            18%        N/A       9%          3
 Inner Flame              Hex/Fire       13%        N/A       14%         3
 Cause Fear               Hex            9%         N/A       26%         4
 Dimensional Bullseye     Hex/Tloc       5%         N/A       56%         4


Dungeon Overview and Level Annotations

Branches:
Dungeon (3/15)

Altars:


Message History

Deactivating autopickup; reactivate with Ctrl-A.
There is a stone staircase leading up here.
Unknown command.
You shoot a sling bullet. The sling bullet hits the orc.
The orc is lightly wounded.
The orc hits you with a +0 morningstar.
Unknown command.
The orc misses you.
The orc priest invokes the aid of Beogh against you.
Beogh smites you!
* * * LOW HITPOINT WARNING * * *
You climb upwards.
Reactivating autopickup.
There is a stone staircase leading down, spattered with blood here.
Items here: )) ÷÷.
You are too injured to fight recklessly!
You are too injured to fight recklessly!
Unknown command.
Casting: Jinxbite (safe; 4% risk of failure)
Confirm with . or Enter, or press ? or * to list all spells.
You beckon some vexing sprites to accompany your attacks.
You feel your willpower being sapped. The orc hits you with a +0 morningstar.
* * * LOW HITPOINT WARNING * * *
Unknown command.
Unknown command.
Fire: a) +1 sling
Press: ? - help, Q - select action, (/) - cycle Shift-Dir - straight line, f - orc
Aim: an orc, wielding a +0 morningstar (lightly wounded, chance to call a sprite on attack: 68%, 57% to hit)
You shoot a sling bullet.
The sling bullet hits the orc but does no damage.
The orc is lightly wounded.
The orc closely misses you.
Fire: a) +1 sling
Press: ? - help, Q - select action, (/) - cycle Shift-Dir - straight line, f/p - orc
Aim: an orc, wielding a +0 morningstar (lightly wounded, chance to call a sprite on attack: 68%, 57% to hit)
You shoot a sling bullet. The sling bullet barely misses the orc.
A giggling sprite leaps out and smacks the orc with its own hand.
The orc is almost dead.
The orc hits you with a +0 morningstar!
You die...

.........###..####........)....#.
#.......## #.......#'#'#'#'#'#.#.
##.....## ######..#.#.#.#.#†#.#.
##...## #..###########.#.
###'##### #[.#.#.#.#.#.#.#.
#.......# #..#'#'#'#†#'#...
#.#.###.# #..............##
#.#.###.########......#####..##
#.............o@.###### ##.#
#.....#.########## #.# #....##.#
#.### ##.......# #.... ......####
##### ##...## ##..# ##.# #.#


You could see an orc (very drained).

Vanquished Creatures
  An adder (D:2)
  A worm (D:2)
  3 dart slugs
  4 orcs (D:2)
  3 ball pythons
  3 endoplasms
  3 goblins
  6 hobgoblins
  A jackal (D:2)
  3 bats (D:2)
  2 frilled lizards (D:2)
  2 kobolds
  9 rats
41 creatures vanquished.

Vanquished Creatures (others)
  A quokka (D:3)
1 creature vanquished.

Grand Total: 42 creatures vanquished

Notes
Turn   | Place    | Note
-------+----------+-------------------------------------------
     0 | D:1      | Zonian the Deep Elf Hexslinger began the quest for the Orb.
     0 | D:1      | Reached XP level 1. HP: 11/11 MP: 5/5
   325 | D:1      | Reached XP level 2. HP: 9/16 MP: 6/6
   331 | D:1      | Reached skill level 1 in Fighting
   758 | D:1      | Learned a level 2 spell: Jinxbite
  1649 | D:2      | Reached XP level 3. HP: 20/20 MP: 8/8
  3225 | D:2      | Slain by an orc

Illustrated notes

Levels and vault maps discovered:
D:1:      spicycebolla_arrival_clurvy, layout_basic
D:2:      layout_loops_corners, minmay_rat_gold_closets
D:3:      layout_rooms, elyvilon_altar_4, lemuel_flame_loot_1

Skill      XL: |  1  2  3 |
---------------+----------+-----
Fighting       | 1 |  1.3
Ranged Weapons | 3 |  3.4
Spellcasting   | 2 |  2.5
Dodging        | 3 |  3.0
Hexes          | |  4.4
Fire Magic     | |  1.9

Action                     || total
---------------------------++-------
   Fire: Sling             ||   125
   Cast: Jinxbite          ||     3
    Use: Scroll            ||     1
         Potion            ||     1
 Armour: Robe              ||    44
  Dodge: Dodged            ||    55

Table legend: (Time is in decaauts)
 A = Elapsed time spent in this place.
 B = Non-inter-level travel time spent in this place.
 C = Inter-level travel time spent in this place.
 D = Time resting spent in this place.
 E = Time spent auto-exploring this place.
 F = Levels seen in this place.
 G = Mean time per level.
                   A        B        C        D        E       F      G
               +--------+--------+--------+--------+--------+-----+--------+
         Total |   3257 |   3161 |     96 |   1576 |   1249 |   3 | 1085.7 |
       Dungeon |   3257 |   3161 |     96 |   1576 |   1249 |   3 | 1085.7 |
               +--------+--------+--------+--------+--------+-----+--------+

Top non-repeatable levels by time:
     D:2: 2010 daAuts
     D:1: 1233 daAuts
     D:3: 13 daAuts
